 Dungeon Crawl Stone Soup version 0.31.0-11-ge490571c62 (webtiles) character file.

Game seed: 17902599035209510974

345 Ashen the Ruffian (level 6, -5/59 HPs)
             Began as a Troll Shapeshifter on Feb 2, 2024.
             Killed by divine providence
             ... invoked by an orc priest
              (13 damage)
             ... on level 4 of the Dungeon.
             The game lasted 00:02:47 (2421 turns).

Ashen the Ruffian (Troll Shapeshifter)              Turns: 2421, Time: 00:02:47

Health: -5/59      AC:  4    Str: 23    XL:     6   Next: 32%
Magic:  5/5        EV: 10    Int:  6    God:
Gold:   97         SH:  0    Dex: 11    Spells: 5/5 levels left

rFire   . .          .
                       - Unarmed
rCold   . . .        (no shield)
rNeg    . . .        a - +0 animal skin
rPois   .            (helmet currently unavailable)
rElec   .            (cloak currently unavailable)
rCorr   .            (gloves unavailable)
SInv    .            (boots unavailable)
Will    .....        (no amulet)
Stlth   +            (no ring)
HPRegen 1.09/turn    (no ring)
MPRegen 0.09/turn

%: no passive effects
@: beast-form
A: beast (slay +2), large, unfitting armour, claws 3, regeneration 1, shaggy fur
1, tough skin 1
a: Begin Untransformation


You were on level 4 of the Dungeon.
You were a hulking beast.
You visited 1 branch of the dungeon, and saw 4 of its levels.

You collected 141 gold pieces.
You spent 44 gold pieces at shops.

Inventory:

Armour
 a - a +0 animal skin (worn)
Jewellery
 p - a +5 ring of evasion
Talismans
 c - a beast talisman
 d - a flux talisman
Scrolls
 f - 3 scrolls of teleportation {unknown}
 i - 3 scrolls of identify {unknown}
 k - a scroll of vulnerability {unknown}
 l - 5 scrolls of poison {unknown}
 n - a scroll of immolation {unknown}
 q - a scroll of enchant armour {unknown}
Potions
 b - a potion of lignification
 e - a potion of haste {unknown}
 g - a potion of degeneration {unknown}
 h - a potion of mutation {unknown}
 j - a potion of might
 m - 2 potions of brilliance {unknown}
 o - a potion of attraction {unknown}
 r - a potion of curing {unknown}


   Skills:
 + Level 2.6 Fighting
 + Level 3.0 Dodging
 + Level 4.3 Unarmed Combat
 + Level 4.2 Shapeshifting


You had 5 spell levels left.
You didn't know any spells.
Your spell library contained the following spells:

 Spells                   Type           Power      Damage    Failure   Level
 Call Imp                 Summ           0%         N/A       58%         2
 Sublimation of Blood     Necr           0%         N/A       58%         2
 Summon Hydra             Summ           0%         N/A       100%        7


Dungeon Overview and Level Annotations

Branches:
Dungeon (4/15)
 Temple: D:4-7

Altars:

Shops:
D:2 *


Innate Abilities, Weirdness & Mutations

You are a hulking beast.
Your limbs bulge with bestial killing power. (Slay +2)
You are too large for most types of armour.
You have claws for hands.
Your natural rate of healing is unusually fast.
You are covered in fur. (AC +1)
You have tough skin. (AC +1)


Message History

The orc priest mumbles some strange prayers to Beogh against you.
You barely resist. The orc hits you with a +0 flail.
The orc priest attacks as it pursues you!
The orc priest closely misses you.
You closely miss the orc priest.
The orc priest is moderately wounded.
The orc priest invokes the aid of Beogh against you.
Beogh smites you!
You claw the orc priest!
You kill the orc priest!
The orc priest calls down the wrath of Beogh upon you.
Beogh smites you!
There is an open door, spattered with blood here.
Things that are here:
a +0 club; a +0 leather armour; an orc corpse You closely miss the orc priest.
The orc priest barely misses you.
You scratch the orc priest.
The orc priest is moderately wounded.
The orc hits you with a +0 flail. x2
The orc priest mumbles some strange prayers to Beogh against you.
Pain shoots through your body!
* * * LOW HITPOINT WARNING * * *
You claw the orc priest!
The orc priest is almost dead.
The orc closely misses you.
The orc priest hits you with a +0 hand axe.
* * * LOW HITPOINT WARNING * * *
The orc hits you with a +0 flail!
* * * LOW HITPOINT WARNING * * *
The orc attacks as it pursues you! The orc hits you with a +0 flail.
* * * LOW HITPOINT WARNING * * *
The orc throws a boomerang.
The boomerang closely misses you.
The orc throws a boomerang.
The boomerang hits you but does no damage.
You open the door.
The orc throws a boomerang.
The boomerang hits you but does no damage.
The orc priest invokes the aid of Beogh against you.
Beogh smites you!
You die...

# #.........# #.# # #####.#####
#.# # #.# #.# ##### # ##+## #†#
#.... # ##...## #.# #.... ###
##.....## #####># #.... #.##
##.......## #.....# #....
..)####.........####...######....
......'........)h................
...####.........####...######...<
#.## ##.......## ##..# ##### ###
##...oo## ##.# ##..o## #.# ##)##
#.# ## #.......# #.# #.
#.##......? #.# #. #..#.###.# #.


You could see an orc priest and 2 orcs.

Vanquished Creatures
  Sigmund (D:2)
  A bombardier beetle (D:3)
  An orc priest (D:4)
  Jessica (D:2)
  4 adders
  4 dart slugs
  2 ribbon worms
  6 endoplasms
  2 giant cockroaches
  4 goblins
  4 hobgoblins
  7 jackals
  3 kobolds
  A quokka (D:1)
  8 ball pythons
  3 bats
  2 frilled lizards
  4 rats
58 creatures vanquished.

Notes
Turn   | Place    | Note
-------+----------+-------------------------------------------
     0 | D:1      | Ashen the Troll Shapeshifter began the quest for the Orb.
     0 | D:1      | Reached XP level 1. HP: 18/18 MP: 0/0
   143 | D:1      | Reached skill level 1 in Fighting
   152 | D:1      | Reached XP level 2. HP: 27/27 MP: 1/1
   731 | D:2      | Noticed Sigmund
   737 | D:2      | Killed Sigmund
   738 | D:2      | Reached XP level 3. HP: 12/35 MP: 2/2
   738 | D:2      | Reached XP level 4. HP: 15/42 MP: 3/3
   738 | D:2      | Reached XP level 5. HP: 17/49 MP: 4/4
   888 | D:2      | Noticed Jessica
   891 | D:2      | Killed Jessica
  1180 | D:2      | Found Jeget's General Store.
  1183 | D:2      | Bought a potion of might for 44 gold pieces
  1457 | D:3      | Reached XP level 6. HP: 43/59 MP: 5/5
  2421 | D:4      | Killed from afar by an orc priest

Illustrated notes

Levels and vault maps discovered:
D:1:      giann_forest_graveyard, layout_basic
D:2:      layout_loops_ring, serial_shops, nicolae_shop_behind_doors,
          uniq_jessica, uniq_sigmund
D:3:      layout_loops_corners
D:4:      layout_loops_corners, minmay_temple_entry_drinking_statues,
          minivault_4, grunt_decor_resistance

Skill      XL: |  1  2  3  4  5  6 |
---------------+-------------------+-----
Fighting       | 1 2 |  2.6
Dodging        | 2 3 |  3.0
Unarmed Combat | 4 |  4.3
Shapeshifting  | 4 |  4.2

Action                     |  1- 3 |  4- 6 || total
---------------------------+-------+-------++-------
  Melee: Unarmed           |    42 |    76 ||   118
         Punch             |       |     2 ||     2
 Armour: Animal skin       |    19 |    40 ||    59
  Dodge: Dodged            |    16 |    29 ||    45
